 Dungeon Crawl Stone Soup version 0.31-b1-22-gc680215f68 (webtiles) character file.

Game seed: 3510772764956054335

76 Djon the Chopper (level 4, -3/32 (39) HPs)
             Began as a Hill Orc Monk on Jan 18, 2024.
             Slain by Robin
             ... wielding a +0 mace of draining
              (5 damage)
             ... on level 2 of the Dungeon.
             The game lasted 00:02:00 (1256 turns).

Djon the Chopper (Hill Orc Monk)                    Turns: 1256, Time: 00:02:01

HP:   -3/32 (39)    AC:  5    Str: 15    XL:     4   Next: 32%
MP:   4/4           EV: 11    Int: 10    God:
Gold: 83            SH:  0    Dex: 13    Spells: 3/3 levels left

rFire   . . .        a - +0 hand axe
rCold   . . .        d - orb {light}
rNeg    . . .        f - +0 ring mail
rPois   .            (no helmet)
rElec   .            (no cloak)
rCorr   .            (no gloves)
SInv    .            (no boots)
Will    .....        (no amulet)
Stlth   +            (no ring)
HPRegen 0.25/turn    (no ring)
MPRegen 0.09/turn

%: no passive effects
@: glowing, heavily drained
A: no striking features
a: no special abilities


You were on level 2 of the Dungeon.
You visited 1 branch of the dungeon, and saw 2 of its levels.

You collected 83 gold pieces.

Inventory:

Hand Weapons
 a - a +0 hand axe (weapon)
 l - a +1 dagger of venom
Armour
 d - an orb of light (worn)
 f - a +0 ring mail (worn)
Jewellery
 b - an amulet of faith
 j - a ring of willpower
Scrolls
 i - a scroll of identify {unknown}
Potions
 c - a potion of ambrosia
 e - 2 potions of curing {unknown}
 g - a potion of mutation {unknown}
 h - a potion of invisibility {unknown}
 k - a potion of heal wounds {unknown}


   Skills:
 - Level 3.6 Fighting
 * Level 6.6 Axes
 - Level 2.4 Dodging


You had 3 spell levels left.
You didn't know any spells.
Your spell library contained the following spells:

 Spells                   Type           Power      Damage    Failure   Level
 Apportation              Tloc           0%         N/A       58%         1
 Necrotise                Necr           0%         1d4       58%         1
 Sting                    Conj/Alch      0%         1d3       58%         1
 Summon Small Mammal      Summ           0%         N/A       58%         1


Dungeon Overview and Level Annotations

Branches:
Dungeon (2/15)

Altars:

Annotations:
D:2 Robin


Message History

You are too injured to fight recklessly!
You are too injured to fight recklessly!
You hit Robin but do no damage.
Robin is heavily wounded.
The hobgoblin no longer looks unusually strong.
Robin hits you with a +0 mace of draining.
You feel drained.
You hit Robin but do no damage.
Robin is heavily wounded.
Robin roars a battlecry!
The hobgoblin goes into a battle-frenzy!
You hit Robin but do no damage.
Robin is heavily wounded.
Robin hits you with a +0 mace of draining.
* * * LOW HITPOINT WARNING * * *
You feel drained.
* * * LOW HITPOINT WARNING * * *
You hit Robin but do no damage.
Robin is moderately wounded.
Robin hits you but does no damage.
You feel drained.
You hit Robin but do no damage.
Robin is moderately wounded.
Robin says, "My goblins will feast on your bones."
Robin completely misses you.
You barely miss Robin.
Robin is moderately wounded.
You hit Robin.
Robin is severely wounded.
Robin closely misses you.
You hit Robin but do no damage.
Robin is severely wounded.
Robin hits you with a +0 mace of draining.
* * * LOW HITPOINT WARNING * * *
You feel drained.
* * * LOW HITPOINT WARNING * * *
You hit Robin but do no damage.
Robin is severely wounded.
Robin hits you with a +0 mace of draining.
You die...
Robin calls out, "Let's celebrate!
Time for a feast!"

####.# #.#.#####
#.# #........
#.# ###......
#######.######
##..###
.........)...#
#..#
#######.##......
#..# #.# #.##.
#..# #.# # #...
#@# #.... #g#
#...g.......
........##.....
.###.#### ####
#. #


You could see Robin and a hobgoblin (strong).

Vanquished Creatures
  2 adders (D:2)
  2 dart slugs (D:1)
  An orc (D:2)
  A bat (D:1)
  5 endoplasms
  A giant cockroach (D:1)
  12 goblins
  6 hobgoblins
  4 jackals (D:1)
  4 kobolds (D:1)
  3 ball pythons (D:1)
  A frilled lizard (D:1)
  A rat (D:1)
43 creatures vanquished.

Notes
Turn   | Place    | Note
-------+----------+-------------------------------------------
     0 | D:1      | Djon the Hill Orc Monk began the quest for the Orb.
     0 | D:1      | Reached XP level 1. HP: 19/19 MP: 1/1
    71 | D:1      | Reached XP level 2. HP: 24/26 MP: 2/2
    90 | D:1      | Reached skill level 5 in Axes
   292 | D:1      | Reached XP level 3. HP: 26/31 MP: 3/3
  1112 | D:2      | Reached skill level 6 in Axes
  1149 | D:2      | Reached XP level 4. HP: 39/39 MP: 4/4
  1230 | D:2      | Noticed Robin
  1255 | D:2      | HP: 1/32 [Robin/+0 mace of draining (2)]
  1256 | D:2      | Slain by Robin

Illustrated notes

Levels and vault maps discovered:
D:1:      dpeg_arrival_simpleton_a, layout_basic
D:2:      layout_loops_ring, chequers_serial_rivers_room_b, uniq_robin,
          uniq_terence, uniq_sigmund

Skill      XL: |  1  2  3 |
---------------+----------+-----
Axes           | 5 6 |  6.6
Fighting       | |  3.6
Dodging        | |  2.4

Action                     |  1- 3 |  4- 6 || total
---------------------------+-------+-------++-------
  Melee: Hand axe          |    94 |    51 ||   145
 Armour: Robe              |    28 |       ||    28
         Ring mail         |    14 |    24 ||    38
  Dodge: Dodged            |    55 |    22 ||    77
